 Dungeon Crawl Stone Soup version 0.29-a0-359-g541a27f54d (webtiles) character file.

Game seed: 6906908279030528774

123 Colgate the Cutter (level 5, -3/30 HPs)
             Began as a Kobold Brigand on Apr 28, 2022.
             Was an Initiate of Gozag.
             Slain by Ijyb
             ... wielding a +0 dagger
              (4 damage)
             ... on level 3 of the Dungeon.
             The game lasted 00:03:27 (2204 turns).

Colgate the Cutter (Kobold Brigand)                 Turns: 2204, Time: 00:03:28

Health: -3/30      AC:  5    Str:  8    XL:     5   Next: 28%
Magic:  5/5        EV: 14    Int: 13    God:    Gozag
Gold:   423        SH:  0    Dex: 18    Spells: 4/4 levels left

rFire   . . .      SeeInvis .   a - +2 dagger
rCold   . . .      Faith    .   (no shield)
rNeg    . . .      Spirit   .   b - +0 robe
rPois   .          Reflect  .   (no helmet)
rElec   .          Harm     .   c - +0 cloak
rCorr   .          Rampage  .   r - +1 pair of gloves
Will    .....                   (no boots)
Stlth   ++++......              (no amulet)
HPRegen 0.10/turn               (no ring)
MPRegen 0.09/turn               (no ring)

@: no status effects
A: small, no large weapons, nightstalker 3
a: Renounce Religion, Potion Petition, Call Merchant, Bribe Branch


You were on level 3 of the Dungeon.
You worshipped Gozag.
Gozag was aware of your devotion.
You visited 1 branch of the dungeon, and saw 3 of its levels.

You collected 423 gold pieces.

Inventory:

Hand Weapons
 a - a +2 dagger (weapon)
Missiles
 d - 15 poisoned darts (quivered)
 e - 2 curare-tipped darts
Armour
 b - a +0 robe (worn)
 c - a +0 cloak (worn)
 k - a +0 ring mail
 r - a +1 pair of gloves (worn)
Scrolls
 g - 2 scrolls of immolation {unknown}
 j - 2 scrolls of identify {unknown}
 l - a scroll of vulnerability {unknown}
 o - a scroll of enchant armour {unknown}
 q - 2 scrolls of fog {unknown}
 s - a scroll of teleportation {unknown}
 u - a scroll of brand weapon {unknown}
Potions
 f - 2 potions of degeneration {unknown}
 h - a potion of magic {unknown}
 i - a potion of attraction {unknown}
 m - a potion of resistance {unknown}
 n - a potion of might {unknown}
 p - 2 potions of invisibility {unknown}
 t - a potion of haste {unknown}
 v - a potion of curing {unknown}
 w - 2 potions of ambrosia {unknown}


   Skills:
 - Level 2.1 Fighting
 + Level 6.7 Short Blades
 - Level 2.1 Throwing
 - Level 1.2 Dodging
 - Level 5.3 Stealth


You had 4 spell levels left.
You didn't know any spells.
Your spell library contained the following spells:

 Spells                   Type           Power      Damage    Failure   Level
 Animate Skeleton         Necr           0%         N/A       30%         1
 Beastly Appendage        Tmut           0%         N/A       30%         1
 Pain                     Necr           0%         1d4       30%         1
 Scorch                   Fire           0%         2d5       43%         2
 Wereblood                Tmut           0%         N/A       43%         2
 Spider Form              Tmut/Pois      0%         N/A       67%         3
 Vampiric Draining        Necr           0%         2d6       67%         3
 Flame Wave               Conj/Fire      0%         2d4       97%         4
 Summon Cactus Giant      Summ           0%         N/A       100%        6


Dungeon Overview and Level Annotations

Branches:
Dungeon (3/15)

Altars:
Cheibriados
Gozag

Shops:
D:1 *

Annotations:
D:3 Ijyb


Innate Abilities, Weirdness & Mutations

You are small and have problems with some larger weapons.
You are completely attuned to the shadows.


Message History

Ijyb is nearby!
You closely miss Ijyb.
Ijyb is nearby!
You hit Ijyb but do no damage. Ijyb barely misses you.
Ijyb is nearby!
You hit Ijyb but do no damage. Ijyb hits you but does no damage.
Ijyb is nearby!
You hit Ijyb.
Ijyb is nearby!
You hit Ijyb but do no damage. Ijyb hits you with a +0 dagger.
Ijyb is nearby!
You are too injured to fight recklessly!
Ijyb is nearby!
You are too injured to fight recklessly!
Ijyb is nearby!
You are too injured to fight recklessly!
Ijyb is nearby!
You are too injured to fight recklessly!
Ijyb is nearby!
You are too injured to fight recklessly!
Ijyb is nearby!
You barely miss Ijyb. Ijyb barely misses you.
You hit Ijyb but do no damage. You hit Ijyb. Ijyb hits you with a +0 dagger.
You hit Ijyb but do no damage.
Ijyb zaps a wand.
The puff of flame hits you!
* * * LOW HITPOINT WARNING * * *
You hit Ijyb but do no damage. You hit Ijyb. Ijyb hits you but does no damage.
You hit Ijyb but do no damage. Ijyb misses you.
You hit Ijyb. You hit Ijyb but do no damage. Ijyb closely misses you.
You barely miss Ijyb. Ijyb hits you with a +0 dagger.
* * * LOW HITPOINT WARNING * * *
You hit Ijyb but do no damage. You hit Ijyb. Ijyb closely misses you.
You hit Ijyb. Ijyb misses you.
You barely miss Ijyb. You hit Ijyb but do no damage.
Ijyb hits you with a +0 dagger.
You die...
Your body crumbles into a pile of gold.

..... ####. #. #.
...... #. #..... ##.
##...## #.. #.....#
.###.# #.@g(.. ......
###..#... ..####
##...## .# # # ....#.#
# ....#.# )###........
#
......###...#..........
....<...#...#..........
...###................
...............<......


You could see Ijyb.

Vanquished Creatures
  Jessica (D:3)
  5 adders (D:2)
  A worm (D:2)
  2 dart slugs
  5 endoplasms
  A giant cockroach (D:3)
  4 hobgoblins
  4 kobolds
  3 quokkas
  6 ball pythons
  5 bats
  4 frilled lizards
  3 goblins
  3 rats
47 creatures vanquished.

Notes
Turn   | Place    | Note
-------+----------+-------------------------------------------
     0 | D:1      | Colgate the Kobold Brigand began the quest for the Orb.
     0 | D:1      | Reached XP level 1. HP: 12/12 MP: 1/1
   147 | D:1      | Reached skill level 3 in Short Blades
   396 | D:1      | Found Gaprargh's General Store.
   445 | D:1      | Found a faded altar of an unknown god.
   452 | D:1      | Prayed at the altar of an unknown god.
   452 | D:1      | Became a worshipper of Gozag Ym Sagoz the Greedy
   500 | D:1      | Reached XP level 2. HP: 17/17 MP: 2/2
  1111 | D:2      | Reached skill level 4 in Short Blades
  1138 | D:2      | Reached XP level 3. HP: 21/21 MP: 3/3
  1279 | D:2      | Reached skill level 5 in Short Blades
  1376 | D:2      | Reached XP level 4. HP: 26/26 MP: 4/4
  1815 | D:2      | Reached skill level 6 in Short Blades
  1989 | D:3      | Noticed Jessica
  1993 | D:3      | Killed Jessica
  1994 | D:3      | Reached XP level 5. HP: 30/30 MP: 5/5
  2054 | D:3      | Found a snail-covered altar of Cheibriados.
  2170 | D:3      | Noticed Ijyb
  2199 | D:3      | HP: 1/30 [Ijyb/+0 dagger (1)]
  2204 | D:3      | Slain by Ijyb

Illustrated notes

Levels and vault maps discovered:
D:1:      tarquinn_simple_flora_water_a, layout_basic, serial_shops,
          nicolae_lakefront_shop, hellmonk_ecumenical_altar_pennies_from_heaven
D:2:      layout_rooms
D:3:      layout_rooms, overflow_temple_1_default, uniq_ijyb, uniq_jessica

Skill      XL: |  1  2  3  4 |
---------------+-------------+-----
Short Blades   | 3 4 5 6 |  6.7
Fighting       | |  2.1
Throwing       | |  2.1
Dodging        | |  1.2
Stealth        | |  5.3

Action                   |  1- 3 |  4- 6 || total
-------------------------+-------+-------++-------
Melee: Dagger            |    44 |    66 ||   110
       Punch             |     1 |     1 ||     2
Throw: Dart              |       |     1 ||     1
 Stab: Sleeping          |    13 |    16 ||    29
       Distracted        |     1 |       ||     1
Armor: Robe              |     9 |     7 ||    16
Dodge: Dodged            |    15 |    21 ||    36

Table legend: (Time is in decaauts)
 A = Elapsed time spent in this place.
 B = Non-inter-level travel time spent in this place.
 C = Inter-level travel time spent in this place.
 D = Time resting spent in this place.
 E = Time spent auto-exploring this place.
 F = Levels seen in this place.
 G = Mean time per level.
                   A        B        C        D        E       F      G
               +--------+--------+--------+--------+--------+-----+--------+
         Total |   2174 |   2079 |     95 |      0 |   1755 |   3 |  724.7 |
       Dungeon |   2174 |   2079 |     95 |      0 |   1755 |   3 |  724.7 |
               +--------+--------+--------+--------+--------+-----+--------+

Top non-repeatable levels by time:
     D:1: 1108 daAuts
     D:2: 770 daAuts
     D:3: 295 daAuts
